 Dungeon Crawl Stone Soup version 0.25-a0-558-g78a2afb0af (webtiles) character file.

Game seed: 4855182178598943599, levelgen mode: deterministic

1637 Flugslaktarn the Cleaver (level 8, -7/71 HPs)
             Began as a Minotaur Fighter on Feb 24, 2020.
             Killed from afar by Maggie (26 damage)
             ... with a bolt of fire
             ... on level 7 of the Dungeon.
             The game lasted 00:01:59 (4688 turns).

Flugslaktarn the Cleaver (Minotaur Fighter)         Turns: 4688, Time: 00:01:59

Health: -7/71      AC: 15    Str: 23    XL:     8   Next: 66%
Magic:  7/7        EV:  5    Int:  5    God:
Gold:   370        SH: 10    Dex: 10    Spells: 7/7 levels left

rFire    . . .     SeeInvis .   a - +0 war axe
rCold    . . .     Gourm    .   c - +0 kite shield
rNeg     . . .     Faith    .   q - +0 plate armour
rPois    .         Spirit   .   (helmet restricted)
rElec    .         Reflect  .   (no cloak)
rCorr    .         Harm     .   p - +1 pair of gloves
MR       .....                  (no boots)
Stlth    ..........             (no amulet)
HPRegen  0.21/turn              (no ring)
MPRegen  0.10/turn              (no ring)

@: mesmerised, lightly drained
A: retaliatory headbutt, horns 2
a: no special abilities


You were on level 7 of the Dungeon.
You were not hungry.

You visited 1 branch of the dungeon, and saw 7 of its levels.
You also visited: Sewer.

You collected 409 gold pieces.
You spent 39 gold pieces at shops.

Inventory:

Hand Weapons
 a - a +0 war axe (weapon)
Armour
 b - a +0 scale mail
 c - a +0 kite shield (worn)
 p - a +1 pair of gloves (worn)
   (You found it on level 5 of the Dungeon)
 q - a +0 plate armour (worn)
   (You found it on level 6 of the Dungeon)
Jewellery
 w - a +2 ring of evasion {unknown}
   (You found it on level 6 of the Dungeon)
Wands
 v - a wand of digging (5)
   (You found it on level 6 of the Dungeon)
Scrolls
 f - 2 scrolls of immolation {unknown}
 g - 7 scrolls of identify {unknown}
 j - 2 scrolls of amnesia {unknown}
 m - 2 scrolls of remove curse {unknown}
 r - 2 scrolls of blinking {unknown}
 s - a scroll of teleportation {unknown}
 t - a scroll of brand weapon {unknown}
 u - 2 scrolls of fog {unknown}
 y - a scroll of summoning {unknown}
Potions
 d - 2 potions of might
 h - a potion of mutation {unknown}
 i - 3 potions of cancellation {unknown}
 k - 3 potions of stabbing {unknown}
 l - 2 potions of curing
 n - 2 potions of haste {unknown}
 o - a potion of heal wounds {unknown}
 x - a potion of lignification {unknown}
Comestibles
 e - 8 rations


   Skills:
 + Level 6.9(6.7) Fighting
 * Level 8.6(8.4) Axes
 + Level 6.9(6.7) Armour
 + Level 6.9(6.7) Shields


You had 7 spell levels left.
You didn't know any spells.
Your spell library was empty.

Dungeon Overview and Level Annotations

Branches:
Dungeon (7/15)             Temple (0/1) D:7           Sewer (visited)

Altars:
Dithmenos
Xom

Shops:
D:4 !

Annotations:
D:7 Maggie


Innate Abilities, Weirdness & Mutations

You reflexively headbutt those who attack you in melee.
You have a pair of horns on your head.


Message History

You block Maggie's attack.
All of the chunks of flesh in your inventory have rotted away.
You barely miss Maggie. Your headbutt misses Maggie.
Maggie is lightly wounded.
Maggie hits you but does no damage.
You closely miss Maggie. You headbutt Maggie.
Maggie is lightly wounded.
Maggie hits you with a +0 morningstar of flaming.
* * * LOW HITPOINT WARNING * * *
Maggie burns you.
* * * LOW HITPOINT WARNING * * *
You hit Maggie. Your headbutt misses Maggie.
Maggie is lightly wounded.
Maggie hits you but does no damage.
You hit Maggie. Your headbutt misses Maggie.
Maggie is moderately wounded.
Maggie mumbles the words to a spell, but in the wrong order.
Maggie gestures at you while chanting. The bolt of fire hits you!!
You die...

.# .## ..## #
...#.## ......+
.....# ###@..#
#)@.# #.#...#
#%########## #+#
#.##....>..# #.#
#.##.......# #.####
#.##.......###.#...
#..........##....#
####.......#.....#
#.............##


You could see Maggie.

Vanquished Creatures
  A water moccasin (D:6)
  3 ice beasts
  A sky beast (D:6)
  An ogre (D:4)
  A crocodile (Sewer)
  A bullfrog (D:6)
  A scorpion (D:6)
  5 wights (D:7)
  2 howler monkeys
  2 centaur zombies (D:7)
  A crimson imp (D:5)
  A bullfrog zombie (D:6)
  2 jellies (D:5)
  3 bullfrog skeletons
  An orc wizard (D:4)
  3 worker ants
  A mummy (D:4)
  2 adders (D:5)
  13 gnolls
  2 oozes
  A worm (D:6)
  A dart slug (D:6)
  7 leopard geckos
  6 orcs
  A ball python (D:5)
  4 bats
  3 giant cockroaches (D:6)
  A goblin (D:2)
  6 jackals
  7 kobolds
  6 quokkas
  6 frilled lizards
  A giant cockroach zombie (D:6)
  5 rats
102 creatures vanquished.

Notes
Turn   | Place    | Note
-------+----------+-------------------------------------------
     0 | D:1      | Flugslaktarn the Minotaur Fighter began the quest for the
                  | Orb.
     0 | D:1      | Reached XP level 1. HP: 19/19 MP: 0/0
   205 | D:2      | Reached XP level 2. HP: 21/27 MP: 1/1
   337 | D:2      | Reached skill level 3 in Axes
   424 | D:4      | Noticed an ice beast
   430 | D:4      | Killed an ice beast
   430 | D:4      | Reached skill level 4 in Axes
   430 | D:4      | Reached XP level 3. HP: 15/34 MP: 2/2
   430 | D:4      | Reached XP level 4. HP: 18/41 MP: 3/3
   669 | D:4      | Noticed an ogre
   677 | D:4      | Killed an ogre
   677 | D:4      | Reached XP level 5. HP: 18/47 MP: 4/4
   900 | D:4      | Reached skill level 5 in Axes
  1187 | D:4      | Reached XP level 6. HP: 37/55 MP: 5/5
  1325 | D:4      | Reached skill level 5 in Fighting
  1325 | D:4      | Reached skill level 5 in Armour
  1325 | D:4      | Reached skill level 5 in Shields
  1508 | D:4      | Found Demor's Distillery.
  1512 | D:4      | Bought a potion of curing for 39 gold pieces
  2065 | D:5      | Entered Level 5 of the Dungeon
  2241 | D:5      | Noticed an ice beast
  2257 | D:5      | HP: 2/56 [ice beast (13)]
  2258 | D:5      | Killed an ice beast
  2258 | D:5      | Reached skill level 6 in Axes
  2258 | D:5      | Reached XP level 7. HP: 2/61 MP: 6/6
  3380 | D:6      | Found a glowing drain.
  3399 | Sewer    | Entered a sewer
  3470 | Sewer    | Reached skill level 7 in Axes
  3869 | D:6      | Reached XP level 8. HP: 51/70 MP: 7/7
  4122 | D:6      | Found a shimmering altar of Xom.
  4226 | D:6      | Reached skill level 8 in Axes
  4273 | D:6      | Found a shadowy altar of Dithmenos.
  4561 | D:7      | Found a staircase to the Ecumenical Temple.
  4669 | D:7      | Noticed Maggie
  4688 | D:7      | Killed from afar by Maggie

Levels and vault maps discovered:
D:1:      dpeg_arrival_court, layout_loops_ring, serial_bayou_crossing
D:2:      layout_loops_corners, elyvilon_altar_3, first_ration
D:3:      layout_basic, minmay_unequal
D:4:      layout_loops_ring, serial_shops, shop, gup_ossuary_entry_pyramid,
          st_stairs_6, kennysheep_doodads, kennysheep_pointless_box,
          kennysheep_nondescript
D:5:      layout_loops_ring
D:6:      layout_loops_ring, grunt_dithmenos_smoke, tgw_xom,
          portal_sewer_entry_f
D:7:      layout_loops_corners, nicolae_overflow_hidden_temple, temple_doors_e,
          hellmonk_ghost_happy_afterlife, uniq_menkaure, uniq_maggie

Skill      XL: |  1  2  3  4  5  6  7  8 |
---------------+-------------------------+-----
Axes           | 4 5 6 7 8 |  8.6
Fighting       | 4 5 6 |  6.9
Armour         | 4 5 6 |  6.9
Shields        | 4 5 6 |  6.9

Action                   |  1- 3 |  4- 6 |  7- 9 || total
-------------------------+-------+-------+-------++-------
Melee: War axe           |    50 |    94 |   176 ||   320
       Headbutt          |     6 |    16 |    31 ||    53
  Eat: Chunk             |       |     4 |     8 ||    12
Armor: Scale mail        |    25 |    31 |    59 ||   115
       Plate armour      |       |       |    17 ||    17
Dodge: Dodged            |    17 |    26 |    45 ||    88
Block: Kite shield       |    36 |    49 |    65 ||   150

Table legend:
 A = Non-vault XP
 B = Vault XP
 C = Vault XP percentage of total XP
 D = Non-vault monster count
 E = Vault monster count
 F = Vault count percentage of total count
                 A         B        C        D         E       F
            +---------+---------+-------+---------+---------+-------
      Total |    2153 |     186 |   8.0 |      83 |      19 |  18.6
            +---------+---------+-------+---------+---------+-------
        D:1 |       9 |       0 |   0.0 |       6 |       0 |   0.0
        D:2 |      10 |       0 |   0.0 |       8 |       0 |   0.0
        D:3 |      17 |       0 |   0.0 |       7 |       0 |   0.0
        D:4 |     475 |      24 |   4.8 |      21 |       2 |   8.7
        D:5 |     520 |       0 |   0.0 |      19 |       0 |   0.0
        D:6 |     690 |      45 |   6.1 |      13 |      11 |  45.8
        D:7 |     432 |       0 |   0.0 |       9 |       0 |   0.0
      Sewer |       0 |     117 | 100.0 |       0 |       6 | 100.0
            +---------+---------+-------+---------+---------+-------
